 Dungeon Crawl Stone Soup version 0.19.0-19-g8c6edcc (webtiles) character file.

6927 Banto the Covert (level 10, 0/37 HPs)
             Began as a Felid Enchanter on Nov 14, 2016.
             Was the Champion of Nemelex Xobeh.
             Succumbed to a killer bee's poison
             ... on level 2 of the Lair of Beasts on Nov 15, 2016.
             The game lasted 00:26:26 (15349 turns).

Banto the Covert (Felid Enchanter)                 Turns: 15349, Time: 00:26:27

Health: 0/37       AC:  6    Str:  4    XL:     10   Next: 80%
Magic:  22/25      EV: 18    Int: 21    God:    Nemelex Xobeh [******]
Gold:   998        SH:  0    Dex: 16    Spells: 2 memorised, 8 levels left
                                        Lives:  0   Deaths: 3

rFire  . . .     SeeInvis +       - Unarmed
rCold  . . .     Gourm    .     (armour unavailable)
rNeg   . . .     Faith    .     (shield unavailable)
rPois  .         Spirit   .     (helmet unavailable)
rElec  .         Reflect  .     (cloak unavailable)
rCorr  .         Harm     .     (gloves unavailable)
MR     +....                    (boots unavailable)
Stlth  ++++++....               m - amulet of magic regeneration
                                P - ring of magical power
                                o - +4 ring of protection

@: lethally poisoned (0 -> -2), quick
A: no armour, no weapons or thrown items, stealth, claws 1, fangs 3, see
invisible, carnivore 3, speed 1, shaggy fur 2, slow metabolism 1, sharp paws
a: Triple Draw, Deal Four, Stack Five, Renounce Religion


You were on level 2 of the Lair of Beasts.
You worshipped Nemelex Xobeh.
Nemelex Xobeh was exalted by your worship.
You were very full.

You visited 3 branches of the dungeon, and saw 14 of its levels.

You collected 998 gold pieces.

Inventory:

Jewellery
 i - an uncursed ring of protection from magic
 m - an amulet of magic regeneration (around neck)
 o - a +4 ring of protection (left paw)
 w - an uncursed amulet of rage {unknown}
 z - an uncursed amulet of faith {unknown}
 D - an uncursed ring of protection from magic
 P - a ring of magical power (right paw)
Wands
 B - a wand of polymorph (1/24)
 K - a wand of iceblast (3/15)
Scrolls
 g - 2 scrolls of fear
 h - 3 scrolls of identify
 q - 5 scrolls of teleportation
 s - 7 scrolls of remove curse
 N - a scroll of magic mapping
Potions
 d - 6 potions of curing
 e - 2 potions of resistance
 f - 2 potions of cancellation
 p - 4 potions of magic
 r - 4 potions of brilliance
 t - 4 potions of heal wounds
 u - 3 potions of haste
 v - 3 potions of might
 A - 2 potions of flight
Books
 a - a book of Maledictions

   Spells                             Type                      Level
   a - Corona                         Hexes                        1
   b - Ensorcelled Hibernation        Hexes/Ice                    2
   c - Confuse                        Hexes                        3
   d - Tukima's Dance                 Hexes                        3
   e - Dazzling Spray                 Conjuration/Hexes            3
 J - a book of Clouds

   Spells                             Type                      Level
   a - Mephitic Cloud                 Conjuration/Poison/Air       3
   b - Conjure Flame                  Conjuration/Fire             3
   c - Poisonous Cloud                Conjuration/Poison/Air       6
   d - Freezing Cloud                 Conjuration/Ice/Air          6
   e - Ring of Flames                 Charms/Fire                  7
Miscellaneous
 j - a legendary deck of summoning
 k - a plain deck of destruction {drawn: 1}
 l - a plain deck of summoning {drawn: 1}
 n - a plain deck of destruction
 x - a legendary deck of escape
 y - a plain deck of summoning
 E - a plain deck of summoning
 F - a legendary deck of summoning
 H - an ornate deck of destruction
 I - a plain deck of destruction
 L - an ornate deck of escape
 M - a legendary deck of summoning
Comestibles
 b - 3 meat rations
 c - 7 beef jerkies
 C - 6 slices of pizza
 G - 2 royal jellies


   Skills:
 - Level 2.6 Dodging
 - Level 14.2 Stealth
 + Level 13.5 Unarmed Combat
 - Level 2.0 Spellcasting
 - Level 10.2 Hexes
 + Level 7.8 Evocations


You had 8 spell levels left.
You knew the following spells:

 Your Spells              Type           Power        Failure   Level  Hunger
b - Ensorcelled Hibernat  Hex/Ice        ###...       2%          2    ##.....
c - Confuse               Hex            #####...     1%          3    ###....


Dungeon Overview and Level Annotations

Branches:
Dungeon (11/15)            Temple (1/1) D:4            Lair (2/6) D:8
 Shoals (0/4) Lair:2          Orc (0/2) D:9
  Snake: Lair:2-4    Spider: Lair:2-4

Altars:
Ashenzari
Cheibriados
Dithmenos
Elyvilon
Fedhas
Gozag
Hepliaklqana
Kikubaaqudgha
Makhleb
Nemelex Xobeh
Okawaru
Qazlal
Ru
Sif Muna
Trog
Uskayaw
Vehumet
Xom
Yredelemnul
Zin
The Shining One

Shops:
D:7 [   D:9 ([

Annotations:
D:6 1 exclusion


Innate Abilities, Weirdness & Mutations

You cannot wear armour.
You are incapable of wielding weapons or throwing items.
Your paws allow you to move quietly. (Stealth)
You have sharp claws.
You have razor-sharp teeth.
You have supernaturally acute eyesight. (SInv)
You are carnivorous and can eat meat at any time.
You cover ground quickly.
You are covered in thick fur. (AC +2)
You have a slow metabolism.
Your sharp claws are effective at attacking unaware monsters.


Message History

Your vampire mosquito misses the vampire mosquito.
The vampire mosquito closely misses you.
Your vampire mosquito barely misses the bullfrog.
The bullfrog closely misses your vampire mosquito.
You take 5 damage, and have 9/37 hp.
You claw the vampire mosquito!
The vampire mosquito is heavily damaged.
Your vampire mosquito misses the vampire mosquito.
The vampire mosquito bites you!
* * * LOW HITPOINT WARNING * * *
The vampire mosquito draws strength from your injuries!
Your vampire mosquito closely misses the vampire mosquito.
Your vampire mosquito bites the bullfrog.
The bullfrog dies!
The killer bee rages.
Your vampire mosquito closely misses the vampire mosquito.
The vampire mosquito barely misses you.
You take 8 damage, and have 1/37 hp.
MASSIVE DAMAGE!!
You die...
Your body glows slightly and disappears.

P..# .yyyy##..#........#.P.....
##..# y%yyy..y#...# #.#.........
.#+# #..#.# #...#....... #
#.yyy# ..##...... ####y# ##.....
### #y## #.#+## #.# ### #.y####
##..## ##'###.## ##'#..######
#..#. ## #.......####@yy.......#
##...
..###.......#..'.y.......## ##.#
..<##.......#..#..........#
##..#
##..'.>.....'..#..........#
#.#..
####.......####.........P###.P.#
#.........##..........###.....
##.......####.........+......#
#.#+###.# ##...........###...
###.# ### #....(......## ##..


You could see a vampire mosquito and 3 friendly vampire mosquitoes.

Vanquished Creatures
  Erica (D:8)
  The ghost of Therein the Spear-Bearer, a novice MfGl of Yredelemnul (D:8)
  An unseen horror (D:10)
  2 hill giants (D:11)
  3 ugly things (D:11)
  Maurice (D:8)
  Joseph (D:8)
  3 spiny frogs
  A troll (D:10)
  A two-headed ogre (D:8)
  4 hippogriffs
  20 yaks
  4 hogs (D:7)
  A human (D:7)
  Menkaure (D:4)
  A hungry ghost (D:11)
  A mottled dragon (D:11)
  2 hell hounds (D:8)
  A water moccasin (Lair:1)
  A porcupine (Lair:2)
  4 orc warriors
  2 ice beasts
  A black bear (D:11)
  A necrophage (D:8)
  An ogre (D:8)
  6 wolves
  3 centaurs
  3 crocodiles
  2 big kobolds
  12 bullfrogs
  5 scorpions
  4 killer bees (D:9)
  3 wights (D:8)
  2 electric eels (Lair:1)
  4 crimson imps
  2 centaur zombies
  2 centaur skeletons
  3 bullfrog skeletons
  8 orc priests
  4 hounds
  15 orc wizards
  3 iguanas
  6 worker ants
  A hound zombie (D:8)
  A hound skeleton (D:4)
  8 adders
  3 howler monkey skeletons
  3 shadow imps
  2 oozes (D:1)
  3 adder skeletons
  An adder zombie (D:6)
  6 dart slugs
  2 leopard geckos
  47 orcs
  2 giant cockroaches
  11 goblins
  8 hobgoblins
  11 jackals
  18 kobolds
  8 quokkas
  A ball python (D:3)
  12 bats
  A frilled lizard (D:2)
  A jackal zombie (D:8)
  2 quokka skeletons
  12 rats
311 creatures vanquished.

Vanquished Creatures (collateral kills)
  A bullfrog (Lair:2)
  2 killer bees
3 creatures vanquished.

Grand Total: 314 creatures vanquished

Notes
Turn   | Place    | Note
-------+----------+-------------------------------------------
     0 | D:1      | Banto the Felid Enchanter began the quest for the Orb.
     0 | D:1      | Reached XP level 1. HP: 7/7 MP: 4/4
   234 | D:1      | Reached XP level 2. HP: 11/11 MP: 6/6
   254 | D:1      | Learned a level 2 spell: Ensorcelled Hibernation
   566 | D:1      | Reached XP level 3. HP: 13/14 MP: 3/7
   600 | D:1      | Reached skill level 5 in Stealth
  1056 | D:1      | Learned a level 3 spell: Confuse
  1443 | D:2      | Found a faded altar of an unknown god.
  1458 | D:2      | Became a worshipper of Nemelex Xobeh the Trickster
  1458 | D:2      | Received a gift from Nemelex Xobeh
  1458 | D:2      | Reached * piety under Nemelex Xobeh
  1458 | D:2      | Received a gift from Nemelex Xobeh
  1611 | D:2      | Received a gift from Nemelex Xobeh
  2109 | D:3      | Reached XP level 4. HP: 17/18 MP: 4/8
  2299 | D:3      | Reached skill level 6 in Stealth
  2390 | D:3      | Reached XP level 5. HP: 16/21 MP: 9/9
  2545 | D:3      | Reached ** piety under Nemelex Xobeh
  3339 | D:4      | Reached skill level 7 in Stealth
  3340 | D:4      | Found a staircase to the Ecumenical Temple.
  3638 | Temple   | Entered the Ecumenical Temple
  3810 | D:4      | Gained mutation: You are covered in thick fur. (AC +2) [Felid growth]
  3810 | D:4      | Reached XP level 6. HP: 21/24 MP: 5/10
  3954 | D:4      | Reached skill level 8 in Stealth
  4113 | D:4      | Reached skill level 5 in Unarmed Combat
  4191 | D:4      | Received a gift from Nemelex Xobeh
  4229 | D:4      | Reached XP level 7. HP: 22/27 MP: 5/11
  4273 | D:4      | Noticed Menkaure
  4523 | D:4      | Killed Menkaure
  4523 | D:4      | Reached skill level 9 in Stealth
  4667 | D:4      | Found a snail-covered altar of Cheibriados.
  4849 | D:5      | Entered Level 5 of the Dungeon
  4862 | D:5      | Reached *** piety under Nemelex Xobeh
  4862 | D:5      | Received a gift from Nemelex Xobeh
  5531 | D:6      | Received a gift from Nemelex Xobeh
  5551 | D:6      | Reached skill level 10 in Stealth
  5787 | D:6      | Reached XP level 8. HP: 30/31 MP: 9/12
  6298 | D:6      | Reached **** piety under Nemelex Xobeh
  6399 | D:6      | Found a bloodstained altar of Trog.
  6535 | D:7      | Found Olienn's Armour Emporium.
  6548 | D:7      | Received a gift from Nemelex Xobeh
  7063 | D:7      | Reached skill level 11 in Stealth
  7071 | D:7      | Reached skill level 12 in Stealth
  7120 | D:7      | Received a gift from Nemelex Xobeh
  7194 | D:7      | Reached XP level 9. HP: 34/34 MP: 13/13
  7355 | D:7      | You fall through a shaft for 3 floors!
  7355 | D:10     | Entered Level 10 of the Dungeon
  7405 | D:9      | Found a sacrificial altar of Ru.
  7406 | D:9      | Received a gift from Nemelex Xobeh
  7430 | D:8      | Reached ***** piety under Nemelex Xobeh
  7432 | D:8      | Noticed Therein's ghost (novice MfGl)
  7437 | D:8      | Noticed Maurice
  7469 | D:8      | Killed Maurice
  7469 | D:8      | Reached skill level 13 in Stealth
  7506 | D:8      | Noticed Joseph
  7519 | D:8      | Killed Joseph
  7525 | D:8      | Found a staircase to the Lair.
  7562 | D:7      | Gained mutation: Your spells are a little harder to cast, but a little more powerful. [potion of mutation]
  7562 | D:7      | Lost mutation: Your spells are a little harder to cast, but a little more powerful. [potion of mutation]
  8181 | D:8      | Noticed Erica
  8188 | D:8      | Killed Erica
  8188 | D:8      | Reached skill level 14 in Stealth
  8188 | D:8      | Reached skill level 10 in Unarmed Combat
  8188 | D:8      | Reached XP level 10. HP: 37/37 MP: 14/14
  8197 | D:8      | HP: 1/37 [hell hound (10)]
  8198 | D:8      | Slain by a hell hound
  8199 | D:8      | Reached XP level 9. HP: -2/34 MP: 2/13
  8220 | D:8      | Reached skill level 5 in Hexes
  8465 | D:8      | Received a gift from Nemelex Xobeh
  9100 | D:8      | Killed Therein's ghost
  9973 | D:9      | Found Ytateduemu's Armour Emporium.
  9974 | D:9      | Found a staircase to the Orcish Mines.
  9976 | D:9      | Found Teasadd's Weapon Emporium.
  9988 | D:9      | Reached XP level 10. HP: 30/36 MP: 9/14
 10196 | D:9      | Engulfed by a cloud of thunder
 10197 | D:9      | Reached XP level 9. HP: -8/33 MP: 13/13
 10235 | D:9      | Found a hazy altar of Hepliaklqana.
 10255 | D:9      | Received a gift from Nemelex Xobeh
 10939 | D:10     | Noticed an unseen horror
 10946 | D:10     | Killed an unseen horror
 10946 | D:10     | Reached skill level 10 in Hexes
 11008 | D:10     | Noticed a troll
 11009 | D:10     | Reached XP level 10. HP: 37/37 MP: 14/14
 11020 | D:10     | Reached skill level 1 in Evocations
 12236 | D:11     | Received a gift from Nemelex Xobeh
 12238 | D:11     | Noticed a hill giant
 12249 | D:11     | Noticed a hill giant
 12250 | D:11     | Noticed a white ugly thing
 12271 | D:11     | Killed a hill giant
 12330 | D:11     | Killed a hill giant
 12330 | D:11     | Reached skill level 5 in Evocations
 12514 | D:11     | Reached XP level 11. HP: 40/40 MP: 9/16
 12590 | D:11     | Noticed a white ugly thing
 12828 | D:11     | Killed a white ugly thing
 13146 | D:11     | Noticed a white ugly thing
 13178 | D:11     | Killed a white ugly thing
 13184 | D:11     | Killed a white ugly thing
 13503 | Lair:1   | Entered Level 1 of the Lair of Beasts
 13972 | Lair:1   | Killed from afar by an electric eel
 13973 | Lair:1   | Reached XP level 10. HP: -6/37 MP: 25/25
 13973 | Lair:1   | Received a gift from Nemelex Xobeh
 14262 | Lair:1   | Noticed a spiny frog
 14268 | Lair:1   | Killed a spiny frog
 14475 | Lair:1   | Received a gift from Nemelex Xobeh
 14632 | Lair:1   | Reached ****** piety under Nemelex Xobeh
 15079 | Lair:2   | Noticed a spiny frog
 15081 | Lair:2   | Received a gift from Nemelex Xobeh
 15083 | Lair:2   | Killed a spiny frog
 15179 | Lair:2   | Found a staircase to the Shoals.
 15199 | Lair:2   | Noticed a spiny frog
 15206 | Lair:2   | Killed a spiny frog
 15348 | Lair:2   | HP: 1/37 [vampire mosquito[the player character] (8)]
 15349 | Lair:2   | Succumbed to a killer bee's poison

Skill      XL: |  1  2  3  4  5  6  7  8  9 10 11 |
---------------+----------------------------------+-----
Unarmed Combat | 2 3 4 5 6 8 11 12 13 | 13.5
Stealth        | 5 6 7 8 10 12 14 | 14.2
Hexes          | 10 | 10.2
Evocations     | 7 6 |  7.8
Dodging        | |  2.6
Spellcasting   | |  2.0

Action                   |  1- 3 |  4- 6 |  7- 9 | 10-12 || total
-------------------------+-------+-------+-------+-------++-------
Melee: Unarmed           |   111 |   141 |   289 |   172 ||   713
       Bite              |     9 |     9 |    14 |    15 ||    47
       Punch             |       |     2 |     4 |     2 ||     8
 Cast: Corona            |     3 |       |       |       ||     3
       Ensorcelled Hiber |    32 |    73 |    91 |    85 ||   281
       Confuse           |       |    13 |    32 |    22 ||    67
Evoke: Wand              |       |       |       |     2 ||     2
       Deck              |       |       |       |     2 ||     2
  Use: Scroll            |     8 |     1 |    11 |     2 ||    22
       Potion            |       |       |     1 |       ||     1
 Stab: Sleeping          |    31 |    42 |    66 |    57 ||   196
       Confused          |       |     3 |    16 |    12 ||    31
       Distracted        |       |     1 |     1 |     1 ||     3
  Eat: Chunk             |     9 |    12 |    18 |    22 ||    61
       Pizza             |       |       |     2 |       ||     2
Armor: Skin              |     4 |    21 |    40 |    25 ||    90
Dodge: Dodged            |    96 |   144 |   183 |   124 ||   547

Table legend:
 A = Turns spent in this place as a percentage of turns spent in the entire game.
 B = Non-inter-level travel turns spent in this place as a percentage of non-inter-level travel turns spent in the entire game.
 C = Inter-level travel turns spent in this place as a percentage of turns spent in this place.
 D = Turns resting spent in this place as a percentage of non-inter-level travel turns spent in this place.
 E = Turns spent auto-exploring this place as a percentage of non-inter-level travel turns spent in this place.
 F = Non-inter-level travel turns spent in this place divided by the number of levels of this place that you've seen.
                   A       B       C       D       E      F
               +-------+-------+-------+-------+-------+----------------------
         Total | 100.0 | 100.0 |   0.4 |   5.9 |  10.0 | 274.9
       Dungeon |  93.3 |  93.3 |   0.4 |   5.6 |   9.1 | 326.5
        Temple |   0.7 |   0.7 |   3.7 |   0.0 |  92.3 |  26.0
          Lair |   6.0 |   6.0 |   0.4 |  10.8 |  14.7 | 115.5
               +-------+-------+-------+-------+-------+----------------------

Table legend:
 A = Kills in this place as a percentage of kills in entire the game.
 B = Kills by you in this place as a percentage of kills by you in the entire game.
 C = Kills by friends in this place as a percentage of kills by friends in the entire game.
 D = Other kills in this place as a percentage of other kills in the entire game.
 E = Experience gained in this place as a percentage of experience gained in the entire game.
 F = Experience gained in this place divided by the number of levels of this place that you have seen.
                   A       B       C       D       E      F
               +-------+-------+-------+-------+-------+----------------------
         Total | 100.0 | 100.0 | 100.0 | 100.0 | 100.0 | 1604.2
       Dungeon |  93.0 |  93.5 |  33.3 | 100.0 |  84.9 | 1734.0
          Lair |   7.0 |   6.5 |  66.7 |   0.0 |  15.1 | 1692.5
               +-------+-------+-------+-------+-------+----------------------
